 Dungeon Crawl Stone Soup version 0.20-a0-556-g892c87b (webtiles) character file.

154 terra52 the Charmwright (level 5, -2/27 HPs)
             Began as a Vine Stalker Skald on Feb 5, 2017.
             Was an Initiate of Okawaru.
             Slain by zerownage's ghost (15 damage)
             ... on level 4 of the Dungeon.
             The game lasted 00:10:23 (2850 turns).

terra52 the Charmwright (Vine Stalker Skald)        Turns: 2850, Time: 00:10:39

Health: -2/27      AC:  3    Str: 14    XL:     5   Next: 36%
Magic:  0/18       EV: 12    Int: 14    God:    Okawaru [......]
Gold:   146        SH:  0    Dex: 13    Spells: 3/9 levels left

rFire    . . .     SeeInvis .   a - +0 spear
rCold    . . .     Gourm    .   b - +0 leather armour
rNeg     . . .     Faith    .   (no shield)
rPois    .         Spirit   +   (no helmet)
rElec    .         Reflect  .   (no cloak)
rCorr    .         Harm     .   (no gloves)
MR       .....                  (no boots)
Stlth    ++........             (no amulet)
Regen    0.5/turn               f - ring of stealth
                                g - ring of magical power

@: lethally poisoned (-2 -> -2), very slightly contaminated
A: fangs 2, regeneration 1, magic shield, antimagic bite, no potion heal 3, rot
immunity
a: Renounce Religion


You were on level 4 of the Dungeon.
You worshipped Okawaru.
Okawaru was noncommittal.
You were hungry.

You visited 1 branch of the dungeon, and saw 4 of its levels.

You collected 146 gold pieces.

Inventory:

Hand Weapons
 a - a +0 spear (weapon)
 x - a +0 hand crossbow
Missiles
 o - 21 bolts
 z - a javelin (quivered)
Armour
 b - a +0 leather armour (worn)
Jewellery
 f - a ring of stealth (right hand)
 g - a ring of magical power (left hand)
Scrolls
 k - 3 scrolls of identify {unknown}
 l - 3 scrolls of blinking {unknown}
 n - a scroll of remove curse {unknown}
 q - a scroll of magic mapping {unknown}
 v - a scroll of enchant weapon {unknown}
 w - 2 scrolls of teleportation {unknown}
 y - a scroll of recharging {unknown}
Potions
 e - a potion of haste {unknown}
 h - a potion of heal wounds {unknown}
 m - 2 potions of degeneration {unknown}
 r - 2 potions of curing {unknown}
 t - a potion of might {unknown}
 u - a potion of brilliance {unknown}
Books
 c - a book of Battle

   Spells                             Type                      Level
   a - Infusion                       Charms                       1
   b - Shroud of Golubria             Charms/Translocation         2
   c - Song of Slaying                Charms                       2
   d - Spectral Weapon                Hexes/Charms                 3
   e - Regeneration                   Charms/Necromancy            3
Comestibles
 d - 2 bread rations
 i - 3 royal jellies
 j - a fruit
 p - 2 meat rations
 s - 3 chunks of flesh


   Skills:
 + Level 2.3 Fighting
 + Level 2.6 Polearms
 + Level 0.1 Crossbows
 + Level 1.5 Armour
 + Level 2.0 Dodging
 + Level 1.1 Stealth
 + Level 2.5 Spellcasting
 * Level 1.5 Hexes
 + Level 3.5 Charms


You had 3 spell levels left.
You knew the following spells:

 Your Spells              Type           Power        Failure   Level  Hunger
a - Infusion              Chrm           ##..         10%         1    #......
b - Spectral Weapon       Hex/Chrm       #.......     30%         3    ###....
c - Shroud of Golubria    Chrm/Tloc      #.........   24%         2    ###....


Dungeon Overview and Level Annotations

Branches:
Dungeon (4/15)
 Temple: D:4-7

Altars:
Cheibriados
Fedhas
Okawaru

Annotations:
D:3 Cwatson2141's ghost, amateur MiFi
D:4 zerownage's ghost, novice FoCK


Innate Abilities, Weirdness & Mutations

You have extremely sharp teeth.
Your natural rate of healing is unusually fast.
When hurt, damage is shared between your health and your magic reserves.
Your bite disrupts and absorbs the magic of your enemies.
Potions cannot restore your health.
You are immune to rotting.


Message History

You feel sick.
Your spectral weapon hits zerownage's ghost from afar.
Zerownage's ghost hits you but does no damage.
You hit zerownage's ghost.
Zerownage's ghost is heavily damaged.
Your spectral weapon barely misses zerownage's ghost.
Zerownage's ghost shouts, "You will never get the ORB!"
Zerownage's ghost hits you but does no damage.
You hit zerownage's ghost.
Zerownage's ghost is severely damaged.
Your spectral weapon hits zerownage's ghost from afar.
Zerownage's ghost hits you!
You hit zerownage's ghost. Your bite misses zerownage's ghost.
Zerownage's ghost is severely damaged.
You feel sick.
Your spectral weapon hits zerownage's ghost from afar.
Zerownage's ghost hits you but does no damage.
You are electrocuted!
Ouch! That really hurt!
You die...

#.#.##.................#
#.#.##.# #.......#.....#
#.#.##.# #.#####.#.....#
#.#.##.# #.# ##...##.#.#
#.#.##.###.###.#.#.#.#.#
#.#.##.##...#.#..##..#.#
#....................#.##
######.##.(.#.#..##.##..##
#....@###.#.#.###...##
####..W...........#..W
#.######.###.#...## #.#
### #.##.## #.# #.##.# #.#
#.##.### #.#######
#.......
#.......#######.###
#######.........#


You could see zerownage's ghost and a friendly spectral spear.

Vanquished Creatures
  A bullfrog skeleton (D:4)
  A worker ant (D:4)
  2 adders
  An ooze (D:1)
  2 worms (D:4)
  2 dart slugs
  A leopard gecko (D:4)
  3 orcs
  3 giant cockroaches
  7 hobgoblins
  6 jackals
  A quokka (D:3)
  A ball python (D:2)
  8 bats
  10 goblins
  6 kobolds
  6 rats
61 creatures vanquished.

Notes
Turn   | Place    | Note
-------+----------+-------------------------------------------
     0 | D:1      | terra52 the Vine Stalker Skald began the quest for the Orb.
     0 | D:1      | Reached XP level 1. HP: 11/11 MP: 4/4
   177 | D:1      | Reached XP level 2. HP: 9/15 MP: 3/6
   654 | D:1      | Reached skill level 1 in Armour
   654 | D:1      | Reached XP level 3. HP: 6/18 MP: 7/7
   843 | D:1      | Learned a level 3 spell: Spectral Weapon
   846 | D:1      | Learned a level 2 spell: Shroud of Golubria
  1643 | D:2      | Found an iron altar of Okawaru.
  1784 | D:2      | Became a worshipper of Warmaster Okawaru
  1842 | D:2      | Gained mutation: Your natural rate of healing is unusually fast. [Vine Stalker growth]
  1842 | D:2      | Reached XP level 4. HP: 21/23 MP: 8/8
  2111 | D:3      | Noticed Cwatson2141's ghost (amateur MiFi)
  2425 | D:4      | Noticed zerownage's ghost (novice FoCK)
  2475 | D:4      | Reached skill level 1 in Stealth
  2475 | D:4      | Reached skill level 1 in Hexes
  2475 | D:4      | Reached XP level 5. HP: 12/27 MP: 6/9
  2580 | D:4      | Found a blossoming altar of Fedhas.
  2580 | D:4      | Found a snail-covered altar of Cheibriados.
  2689 | D:4      | HP: 1/27 [poisoned by a worker ant]
  2850 | D:4      | Slain by zerownage's ghost

Vault maps used:
D:1:      dpeg_arrival_chase, minmay_misc_feat_encased, grunt_decor_arrowhead,
          kennysheep_another_room
D:2:      okawaru_ov_weapons_minmay
D:4:      grunt_temple_overflow_open, minmay_checkerbox

Skill      XL: |  1  2  3  4  5 |
---------------+----------------+-----
Polearms       | 2 |  2.6
Fighting       | 2 |  2.3
Armour         | 1 |  1.5
Stealth        | 1 |  1.1
Hexes          | 1 |  1.5
Dodging        | 2 |  2.0
Crossbows      | |  0.1
Spellcasting   | |  2.5
Charms         | |  3.5

Action                   |  1- 3 |  4- 6 || total
-------------------------+-------+-------++-------
Melee: Spear             |   106 |    94 ||   200
       Bite              |    16 |    23 ||    39
 Fire: Hand crossbow     |       |     2 ||     2
Throw: Javelin           |       |     1 ||     1
 Cast: Infusion          |    19 |    13 ||    32
       Spectral Weapon   |       |     3 ||     3
       Shroud of Golubri |       |     2 ||     2
 Stab: Sleeping          |     2 |     4 ||     6
  Eat: Chunk             |     3 |     4 ||     7
Armor: Leather armour    |    22 |    20 ||    42
Dodge: Dodged            |    54 |    48 ||   102
